 Dungeon Crawl Stone Soup version 0.25-a0-782-g655279c (webtiles) character file.

Game seed: 456301308891777270, levelgen mode: deterministic

12429 Bionic the Spear-Bearer (level 11, -9/94 (95) HPs)
             Began as a Minotaur Fighter on Apr 16, 2020.
             Was a High Priest of Okawaru.
             Killed from afar by an ice statue (26 damage)
             ... with a shard of ice
             ... in an ice cave.
             The game lasted 00:30:54 (12574 turns).

Bionic the Spear-Bearer (Minotaur Fighter)         Turns: 12574, Time: 00:30:55

HP:   -9/94 (95)    AC: 22    Str: 24    XL:     11   Next: 62%
MP:   12/13         EV:  9    Int:  5    God:    Okawaru [*****.]
Gold: 804           SH: 14    Dex: 10    Spells: 10/10 levels left

rFire    . . .     SeeInvis .   a - +2 trident (venom)
rCold    + . .     Gourm    .   c - +0 kite shield
rNeg     . . .     Faith    .   A - +0 plate armour
rPois    .         Spirit   .   (helmet restricted)
rElec    .         Reflect  .   t - +0 cloak
rCorr    +         Harm     .   (no gloves)
MR       .....                  F - +2 pair of boots {run}
Stlth    ..........             (no amulet)
HPRegen  0.25/turn              b - ring of protection from cold {rC+, !d}
MPRegen  0.13/turn              w - ring of resist corrosion

@: mighty, heroism, quick
A: retaliatory headbutt, horns 2
a: Heroism, Finesse, Renounce Religion


You were in an ice cave.
You worshipped Okawaru.
Okawaru was extremely pleased with you.
You were not hungry.

You visited 2 branches of the dungeon, and saw 13 of its levels.
You also visited: Sewer and Ice Cave.

You collected 804 gold pieces.

Inventory:

Hand Weapons
 a - a +2 trident of venom (weapon)
Missiles
 l - 266 stones (quivered)
Armour
 c - a +0 kite shield (worn)
 t - a +0 cloak (worn)
   (You found it on level 5 of the Dungeon)
 A - a +0 plate armour (worn)
   (You took it off an orc warrior on level 6 of the Dungeon)
 F - a +2 pair of boots of running (worn)
   (Okawaru gifted it to you on level 10 of the Dungeon)
Magical Staves
 x - an uncursed staff of death {unknown}
   (You found it on level 6 of the Dungeon)
 C - an uncursed staff of cold {unknown}
   (You found it on level 11 of the Dungeon)
 D - an uncursed staff of fire {unknown}
   (You found it on level 9 of the Dungeon)
Jewellery
 b - a ring of protection from cold (left hand) {rC+, !d}
   (You found it on level 5 of the Dungeon)
 w - a ring of resist corrosion (right hand)
   (You found it on level 7 of the Dungeon)
Wands
 h - a wand of iceblast (6)
   (You found it on level 11 of the Dungeon)
 u - a wand of acid (2)
   (You found it on level 8 of the Dungeon)
Scrolls
 g - 8 scrolls of teleportation
 i - 2 scrolls of magic mapping {!r}
 k - a scroll of fear
 y - a scroll of remove curse
 B - a scroll of blinking {!r}
Potions
 d - 3 potions of might
 e - 11 potions of curing
 j - 5 potions of brilliance
 m - a potion of haste
 n - a potion of heal wounds {unknown}
 o - 5 potions of lignification {!q}
 p - 2 potions of mutation {unknown}
 q - a potion of magic {unknown}
 r - 4 potions of flight
 s - 2 potions of degeneration {unknown}
 z - a potion of cancellation {unknown}
 E - 2 potions of stabbing {unknown}
Miscellaneous
 v - a phial of floods
   (You found it on level 9 of the Dungeon)
Comestibles
 f - 17 rations


   Skills:
 - Level 8.6(13.6) Fighting
 - Level 14.0(19.0) Polearms
 - Level 10.0(15.0) Armour
 + Level 11.1(16.1) Shields
 - Level 5.0 Invocations


You had 10 spell levels left.
You didn't know any spells.
Your spell library contained the following spells:

 Spells                   Type           Power        Failure   Level  Hunger
 Corona                   Hex            #......      99%         1    ##.....
 Sandblast                Erth           #.....       99%         1    ##.....
 Ensorcelled Hibernation  Hex/Ice        #.....       99%         2    ###....
 Passwall                 Tmut/Erth      #.......     99%         2    ###....
 Confusing Touch          Hex            #.......     100%        3    ####...
 Dazzling Flash           Conj/Hex       #.....       100%        3    ####...
 Stone Arrow              Conj/Erth      #.....       100%        3    ####...
 Tukima's Dance           Hex            #.......     100%        3    ####...
 Petrify                  Tmut/Erth      #.......     100%        4    #####..
 Lee's Rapid Deconstruct  Erth           #.........   100%        5    ######.


Dungeon Overview and Level Annotations

Branches:
Dungeon (12/15)            Temple (1/1) D:5            Lair (0/6) D:8
  Sewer (visited)           IceCv (1/1)
    Orc: D:9-12

Altars:
Ashenzari
Cheibriados
Dithmenos
Elyvilon
Fedhas
Gozag
Hepliaklqana
Kikubaaqudgha
Makhleb
Nemelex Xobeh
Okawaru
Qazlal
Ru
Sif Muna
Trog
Uskayaw
Vehumet
Wu Jian
Xom
Yredelemnul
Zin
The Shining One

Shops:
D:9 *(?*   D:10 =

Annotations:
D:7 exclusion: oklob plant
D:9 3 runed translucent doors
D:11 3 runed translucent doors, ToBoldlyKo's ghost, journeyman KoWn IceCv 1 transporter, exclusion: 2 ice statues


Innate Abilities, Weirdness & Mutations

You reflexively headbutt those who attack you in melee.
You have a pair of horns on your head.


Message History

The shard of ice hits you!! You partially resist.
You take 23 damage, and have 57/94 hp.
MASSIVE DAMAGE!!
You completely miss the white ugly thing.
You headbutt the white ugly thing!
You block the white ugly thing's attack.
You hit the white ugly thing.
The white ugly thing looks as sick as possible!
The ice beast barely misses you.
The white ugly thing gores you but does no damage.
You closely miss the white ugly thing. You headbutt the white ugly thing.
You block the ice beast's attack.
The ice statue gestures.
You closely miss the white ugly thing.
The white ugly thing gores you but does no damage.
You closely miss the white ugly thing. The ice beast completely misses you.
The ice statue gestures at you. The shard of ice hits you.
You partially resist.
You take 6 damage, and have 52/94 hp.
You closely miss the white ugly thing.
The white ugly thing gores you but does no damage.
The ice beast hits you but does no damage.
You hit the white ugly thing.
You kill the white ugly thing!
Okawaru is honoured by your kill.
Your Shields skill increases to level 11!
The ice statue gestures at you.
The bolt of cold misses the ice beast.
The bolt of cold hits you! You resist.
You take 16 damage, and have 36/94 hp.
The ice beast barely misses you. You furiously retaliate!
You headbutt the ice beast.
You gain the combat prowess of a mighty hero.
You block the ice beast's attack.
The ice statue gestures.
The ice beast hits you but does no damage.
You now have 11/13 mp.
You hit the ice statue but do no damage.
You headbutt the ice statue, but do no damage.
The ice beast barely misses you.
The ice beast hits you but does no damage.
You hit the ice statue but do no damage.
The ice beast misses you.
You puncture the ice statue! You block the ice beast's attack. x2
You puncture the ice statue! The ice beast barely misses you.
You furiously retaliate!
You headbutt the ice beast.
The ice beast hits you but does no damage.
You hit the ice statue but do no damage.
The ice beast barely misses you. You furiously retaliate!
You headbutt the ice beast.
The ice statue gestures.
You hit the ice statue but do no damage.
You headbutt the ice statue.
The ice beast hits you but does no damage.
The ice beast misses you. You block the ice beast's attack.
You puncture the ice statue!
You headbutt the ice statue, but do no damage.
You block the ice beast's attack.
You hit the ice statue.
The ice beast hits you but does no damage. x2
The ice statue gestures.
You hit the ice statue but do no damage.
You block the ice beast's attack.
The ice beast hits you but does no damage.
You hit the ice statue.
You headbutt the ice statue, but do no damage.
You block the ice beast's attack. The ice statue gestures at you.
The shard of ice hits you!! You partially resist.
* * * LOW HITPOINT WARNING * * *
You take 17 damage, and have 21/94 hp.
You hit the ice statue but do no damage.
You block the ice beast's attack. x2
You hit the ice statue but do no damage.
You headbutt the ice statue, but do no damage.
The ice statue gestures.
You block the ice beast's attack.
You hit the ice statue but do no damage.
You headbutt the ice statue. You block the ice beast's attack.
The ice beast hits you but does no damage.
The ice statue gestures at you.
The bolt of cold hits the ice beast.
The ice beast completely resists.
The bolt of cold misses you. The ice statue gestures at you.
The bolt of cold hits you. You resist.
* * * LOW HITPOINT WARNING * * *
You take 5 damage, and have 16/94 hp.
You hit the ice statue but do no damage.
The ice beast hits you but does no damage.
You feel very mighty all of a sudden.
The ice beast hits you but does no damage.
The ice statue glitters chillingly in the dim dungeon light.
The ice beast hits you but does no damage.
The ice beast closely misses you. You furiously retaliate!
You headbutt the ice beast! The ice beast barely misses you.
You hit the ice statue.
You headbutt the ice statue, but do no damage.
You block the ice beast's attack. The ice statue gestures at you.
The shard of ice hits you!! You partially resist.
You die...

#####
####...###
##........##
##..........#
##.....Y@Y...#
#......Y8YY8.#
#.......Y.%.[#
#.∩.©.†..(.)©#
#.........}."#
#.......8..8.#
##...........#
##..........#
##........##


You could see 2 ice statues and 6 ice beasts.

Vanquished Creatures
  A two-headed ogre (D:10)
  An unseen horror (D:10)
  An orange crystal statue (D:9)
  2 ugly things (IceCv)
  Psyche (D:11)
  A komodo dragon (D:8)
  2 trolls (D:10)
  4 hippogriffs
  13 yaks
  Edmund (D:6)
  An acid dragon (D:8)
  3 water moccasins
  3 orc warriors
  6 ice beasts (IceCv)
  A black bear (D:8)
  5 necrophages
  2 phantoms
  4 ogres
  An eye of draining (D:11)
  5 centaurs
  5 crocodiles (D:8)
  A big kobold (Sewer)
  5 bullfrogs
  A wyvern skeleton (D:8)
  A water moccasin zombie (D:9)
  3 scorpions
  3 wights
  8 killer bees
  7 howler monkeys
  7 crimson imps
  A bullfrog zombie (D:10)
  A centaur zombie (D:6)
  3 hounds
  10 orc priests
  2 centaur skeletons (D:7)
  14 orc wizards
  2 bullfrog skeletons
  8 iguanas
  5 worker ants
  4 hound zombies
  2 worker ant zombies
  14 adders
  A river rat (Sewer)
  A shadow imp (D:5)
  2 adder zombies
  4 adder skeletons
  2 worms
  12 dart slugs
  7 leopard geckos
  40 orcs
  6 giant cockroaches
  4 goblins
  8 hobgoblins
  11 jackals
  14 kobolds
  3 quokkas
  A ball python (D:8)
  5 bats
  5 frilled lizards
  A jackal skeleton (D:6)
  2 jackal zombies
  A leopard gecko zombie (D:5)
  7 rats
302 creatures vanquished.

Vanquished Creatures (others)
  A quokka (D:7)
1 creature vanquished.

Grand Total: 303 creatures vanquished

Notes
Turn   | Place    | Note
-------+----------+-------------------------------------------
     0 | D:1      | Bionic the Minotaur Fighter began the quest for the Orb.
     0 | D:1      | Reached XP level 1. HP: 19/19 MP: 0/0
    85 | D:1      | Reached XP level 2. HP: 27/27 MP: 1/1
   329 | D:1      | Reached skill level 3 in Polearms
   933 | D:2      | Reached skill level 4 in Shields
   948 | D:2      | Reached skill level 4 in Fighting
   948 | D:2      | Reached XP level 3. HP: 29/33 MP: 2/2
  1007 | D:2      | Reached skill level 4 in Armour
  1412 | D:2      | Reached XP level 4. HP: 35/40 MP: 3/3
  1891 | D:3      | Found a faded altar of an unknown god.
  1948 | D:3      | Found a shimmering altar of Xom.
  2017 | D:3      | Found a burning altar of Makhleb.
  2427 | D:4      | Reached skill level 4 in Polearms
  2567 | D:4      | Reached XP level 5. HP: 28/47 MP: 4/4
  2654 | D:4      | Found a glowing drain.
  2718 | Sewer    | Entered a sewer
  2872 | Sewer    | Reached skill level 5 in Polearms
  2976 | Sewer    | Found a white marble altar of Elyvilon.
  3080 | D:4      | Reached XP level 6. HP: 49/55 MP: 5/5
  3090 | D:4      | Reached skill level 5 in Armour
  3132 | D:4      | Reached skill level 5 in Fighting
  3132 | D:4      | Reached skill level 5 in Shields
  3557 | D:4      | Found a shattered altar of Ashenzari.
  3627 | D:5      | Entered Level 5 of the Dungeon
  3740 | D:5      | Found a radiant altar of Vehumet.
  3818 | D:5      | Reached skill level 6 in Polearms
  3818 | D:5      | Reached XP level 7. HP: 55/61 MP: 6/6
  3861 | D:5      | Found a shimmering blue altar of Sif Muna.
  4100 | D:5      | Reached skill level 7 in Polearms
  4100 | D:5      | Reached skill level 6 in Armour
  4104 | D:5      | Reached skill level 6 in Fighting
  4104 | D:5      | Reached skill level 6 in Shields
  4114 | D:5      | HP: 15/63 [poisoned by a water moccasin]
  4623 | D:5      | Reached XP level 8. HP: 70/70 MP: 7/7
  4799 | D:5      | Found a staircase to the Ecumenical Temple.
  4812 | Temple   | Entered the Ecumenical Temple
  4842 | Temple   | Became a worshipper of Warmaster Okawaru
  5234 | D:6      | Noticed Edmund
  5251 | D:6      | Killed Edmund
  5378 | D:6      | Reached skill level 8 in Polearms
  5475 | D:6      | Reached * piety under Okawaru
  5694 | D:6      | Found a snail-covered altar of Cheibriados.
  5887 | D:6      | Found a glowing silver altar of Zin.
  5887 | D:6      | Found a stormy altar of Qazlal.
  6183 | D:6      | Reached skill level 7 in Fighting
  6183 | D:6      | Reached skill level 7 in Armour
  6183 | D:6      | Reached skill level 7 in Shields
  6223 | D:6      | Reached skill level 9 in Polearms
  6664 | D:7      | Reached XP level 9. HP: 59/78 MP: 8/8
  6755 | D:7      | Reached ** piety under Okawaru
  6973 | D:6      | Reached skill level 10 in Polearms
  7125 | D:7      | Found a white marble altar of Elyvilon.
  7193 | D:7      | Found a blossoming altar of Fedhas.
  7203 | D:7      | Noticed an oklob plant
  7384 | D:7      | Reached skill level 8 in Fighting
  7384 | D:7      | Reached skill level 8 in Armour
  7384 | D:7      | Reached skill level 8 in Shields
  7942 | D:8      | Reached *** piety under Okawaru
  7972 | D:8      | Got a citrine-encrusted leather armour
  8339 | D:8      | Noticed a komodo dragon
  8348 | D:8      | Killed a komodo dragon
  8348 | D:8      | Reached skill level 11 in Polearms
  8348 | D:8      | Reached XP level 10. HP: 89/89 MP: 9/9
  8373 | D:8      | Found a staircase to the Lair.
  8421 | D:8      | Reached **** piety under Okawaru
  8475 | D:8      | Reached skill level 1 in Invocations
  8695 | D:9      | Found a runed translucent door.
  8727 | D:8      | Reached skill level 9 in Armour
  8727 | D:8      | Reached skill level 9 in Shields
  8936 | D:9      | Found a runed translucent door.
  8947 | D:9      | Found a runed translucent door.
  8958 | D:9      | Found a runed translucent door.
  8973 | D:9      | Noticed an orange crystal statue
  8996 | D:9      | Reached skill level 2 in Invocations
  9040 | D:9      | Killed an orange crystal statue
  9290 | D:9      | Reached skill level 12 in Polearms
  9303 | D:9      | Found Oskeerr's Antique Weapon Shop.
  9443 | D:9      | Reached skill level 3 in Invocations
  9724 | D:9      | Found Monije's Magic Scroll Boutique.
  9770 | D:9      | Found Utint's Assorted Antiques.
  9837 | D:9      | Found Gogafuir's General Store.
  9858 | D:9      | Reached XP level 11. HP: 94/94 MP: 12/12
  9862 | D:9      | Reached ***** piety under Okawaru
  9956 | D:9      | Found a shadowy altar of Dithmenos.
 10137 | D:9      | You fall into a shaft and drop 1 floor!
 10137 | D:10     | Entered Level 10 of the Dungeon
 10142 | D:10     | Reached skill level 10 in Armour
 10142 | D:10     | Reached skill level 4 in Invocations
 10145 | D:10     | Reached skill level 10 in Shields
 10171 | D:10     | Found Sohuilen's Jewellery Boutique.
 10575 | D:10     | Found a stormy altar of Qazlal.
 10597 | D:10     | Noticed a two-headed ogre
 10604 | D:10     | Killed a two-headed ogre
 10604 | D:10     | Reached skill level 13 in Polearms
 11302 | D:10     | Received a gift from Okawaru
 11322 | D:10     | Killed an unseen horror
 11467 | D:10     | Identified a +2 pair of boots of running (Okawaru gifted it
                  | to you on level 10 of the Dungeon)
 12126 | D:11     | Found a runed translucent gate.
 12127 | D:11     | Found a runed translucent gate.
 12129 | D:11     | Found a runed translucent gate.
 12130 | D:11     | Noticed ToBoldlyKo's ghost (journeyman KoWn)
 12193 | D:11     | Noticed Psyche
 12210 | D:11     | Killed Psyche
 12210 | D:11     | Reached skill level 5 in Invocations
 12330 | D:12     | Found a frozen archway.
 12337 | IceCv    | Entered an ice cave
 12337 | IceCv    | Noticed a white ugly thing
 12357 | IceCv    | Killed a white ugly thing
 12367 | IceCv    | Found a transporter.
 12379 | IceCv    | Reached skill level 14 in Polearms
 12540 | IceCv    | Noticed a white ugly thing
 12542 | IceCv    | Found a transporter.
 12554 | IceCv    | Killed a white ugly thing
 12554 | IceCv    | Reached skill level 11 in Shields
 12567 | IceCv    | HP: 21/94 [ice statue/shard of ice (18)]
 12574 | IceCv    | Killed from afar by an ice statue

Levels and vault maps discovered:
D:1:      ebering_trefoil_3fold, layout_loops_ring, nrook_uturn,
          grunt_decor_arrowhead
D:2:      layout_basic, kennysheep_doodads
D:3:      layout_loops_ring, lightli_temple_of_fire, lemuel_round_altar,
          chequers_ecumenical_altar_simple
D:4:      kennysheep_slugbush, layout_basic, lemuel_coloured_pillars_altar,
          gup_sewer_entry_glass, first_ration
D:5:      layout_basic, nicolae_overflow_crystal_walls, vehumet_altar_wand_db,
          minmay_temple_entry_offerings, solitary_fountain
D:6:      wander_river, layout_loops_corners, cheibriados_altar_1,
          gammafunk_temple_overflow_elements, minivault_24, uniq_edmund
D:7:      layout_cave_pools, elyvilon_altar_4, serial_undead, serial_undead_a,
          serial_undead_f, serial_undead_b, serial_undead_c, serial_undead_b,
          serial_undead_f, tgw_fedhas
D:8:      layout_loops_ring, erik_lair_dragon
D:9:      layout_roguey, nicolae_dithmenos_through_a_glass_darkly, serial_shops,
          nicolae_shop_overgrown_old_shop, shop, shop, shop,
          serial_corexii_hall, corexii_hall_statues_i,
          chequers_hall_statues_corner_a, kennysheep_crisscross, grunt_pizzeria,
          minmay_statue_crystal_thing
D:10:     layout_roguey, serial_shops, nicolae_shop_statue_plus,
          serial_corexii_hall, corexii_hall_statues_l, corexii_hall_statues_l,
          corexii_hall_statues_t, chequers_hall_statues_wall_a,
          corexii_hall_statues_i, corexii_hall_statues_l, grunt_qazlal_clouds
D:11:     layout_basic, gammafunk_ghost_spectres, nicolae_wwwww, uniq_psyche
D:12:     layout_rooms, zombieorc2_lemuel, portal_ice_cave_entry_pillars_2,
          basic_altar, nrook_guardian_serpent_ordinary
Temple:   minmay_temple_bridge_abc
IceCv:    ice_cave_statue_garden_transporter

Skill      XL: |  1  2  3  4  5  6  7  8  9 10 11 |
---------------+----------------------------------+-----
Polearms       | 3 4 5 6 7 9 11 12 14 | 14.0
Shields        | 4 5 6 7 8 9 11 | 11.1
Fighting       | 4 5 6 7 8 |  8.6
Armour         | 4 5 6 7 8 9 10 | 10.0
Invocations    | 3 5 |  5.0

Action                   |  1- 3 |  4- 6 |  7- 9 | 10-12 || total
-------------------------+-------+-------+-------+-------++-------
Melee: Trident           |   107 |   206 |   367 |   544 ||  1224
       Headbutt          |     8 |    29 |    64 |    96 ||   197
Throw: Stone             |    10 |    62 |   116 |    66 ||   254
Invok: Heroism           |       |       |       |     3 ||     3
       Finesse           |       |       |       |     1 ||     1
Evoke: Wand              |       |       |     2 |     2 ||     4
  Use: Scroll            |       |    10 |     4 |     3 ||    17
       Potion            |       |       |       |     3 ||     3
  Eat: Chunk             |     2 |     8 |     8 |    10 ||    28
       Ration            |       |       |     2 |     1 ||     3
Armor: Scale mail        |    27 |    53 |     5 |       ||    85
       Chain mail        |       |       |    56 |       ||    56
       Plate armour      |       |       |    42 |   214 ||   256
Dodge: Dodged            |    11 |    35 |    61 |    67 ||   174
Block: Kite shield       |    31 |    83 |   136 |   168 ||   418

Table legend:
 A = Non-vault XP
 B = Vault XP
 C = Vault XP percentage of total XP
 D = Non-vault monster count
 E = Vault monster count
 F = Vault count percentage of total count
                 A         B        C        D         E       F
            +---------+---------+-------+---------+---------+-------
      Total |   12693 |    5064 |  28.5 |     252 |      50 |  16.6
            +---------+---------+-------+---------+---------+-------
        D:1 |      33 |       0 |   0.0 |      16 |       0 |   0.0
        D:2 |      77 |       0 |   0.0 |      27 |       0 |   0.0
        D:3 |      11 |       0 |   0.0 |       8 |       0 |   0.0
        D:4 |     254 |      59 |  18.8 |      23 |      11 |  32.4
        D:5 |     880 |       2 |   0.2 |      19 |       1 |   5.0
        D:6 |    1065 |     523 |  32.9 |      30 |       5 |  14.3
        D:7 |     872 |     342 |  28.2 |      22 |       6 |  21.4
        D:8 |    2258 |     956 |  29.7 |      22 |       6 |  21.4
        D:9 |    3797 |     781 |  17.1 |      50 |       2 |   3.8
       D:10 |    2941 |       0 |   0.0 |      25 |       0 |   0.0
       D:11 |     505 |     439 |  46.5 |      10 |       1 |   9.1
      Sewer |       0 |     122 | 100.0 |       0 |      10 | 100.0
      IceCv |       0 |    1840 | 100.0 |       0 |       8 | 100.0
            +---------+---------+-------+---------+---------+-------

Levels and vault maps discovered:
D:1:      ebering_trefoil_3fold, layout_loops_ring, nrook_uturn,
          grunt_decor_arrowhead
D:2:      layout_basic, kennysheep_doodads
D:3:      layout_loops_ring, lightli_temple_of_fire, lemuel_round_altar,
          chequers_ecumenical_altar_simple
D:4:      kennysheep_slugbush, layout_basic, lemuel_coloured_pillars_altar,
          gup_sewer_entry_glass, first_ration
D:5:      layout_basic, nicolae_overflow_crystal_walls, vehumet_altar_wand_db,
          minmay_temple_entry_offerings, solitary_fountain
D:6:      wander_river, layout_loops_corners, cheibriados_altar_1,
          gammafunk_temple_overflow_elements, minivault_24, uniq_edmund
D:7:      layout_cave_pools, elyvilon_altar_4, serial_undead, serial_undead_a,
          serial_undead_f, serial_undead_b, serial_undead_c, serial_undead_b,
          serial_undead_f, tgw_fedhas
D:8:      layout_loops_ring, erik_lair_dragon
D:9:      layout_roguey, nicolae_dithmenos_through_a_glass_darkly, serial_shops,
          nicolae_shop_overgrown_old_shop, shop, shop, shop,
          serial_corexii_hall, corexii_hall_statues_i,
          chequers_hall_statues_corner_a, kennysheep_crisscross, grunt_pizzeria,
          minmay_statue_crystal_thing
D:10:     layout_roguey, serial_shops, nicolae_shop_statue_plus,
          serial_corexii_hall, corexii_hall_statues_l, corexii_hall_statues_l,
          corexii_hall_statues_t, chequers_hall_statues_wall_a,
          corexii_hall_statues_i, corexii_hall_statues_l, grunt_qazlal_clouds
D:11:     layout_basic, gammafunk_ghost_spectres, nicolae_wwwww, uniq_psyche
D:12:     layout_rooms, zombieorc2_lemuel, portal_ice_cave_entry_pillars_2,
          basic_altar, nrook_guardian_serpent_ordinary
Temple:   minmay_temple_bridge_abc
IceCv:    ice_cave_statue_garden_transporter

Table legend:
 A = Turns spent in this place as a percentage of turns spent in the entire game.
 B = Non-inter-level travel turns spent in this place as a percentage of non-inter-level travel turns spent in the entire game.
 C = Inter-level travel turns spent in this place as a percentage of turns spent in this place.
 D = Turns resting spent in this place as a percentage of non-inter-level travel turns spent in this place.
 E = Turns spent auto-exploring this place as a percentage of non-inter-level travel turns spent in this place.
 F = Non-inter-level travel turns spent in this place divided by the number of levels of this place that you've seen.
                   A       B       C       D       E      F
               +-------+-------+-------+-------+-------+----------------------
         Total | 100.0 | 100.0 |   3.3 |  18.2 |  56.6 | 810.6
       Dungeon |  94.1 |  94.1 |   3.3 |  17.0 |  57.7 | 953.2
        Temple |   1.6 |   1.5 |  11.3 |   0.0 |  94.5 | 181.0
         Sewer |   2.4 |   2.5 |   0.0 |  40.4 |  36.4 | 302.0
      Ice Cave |   1.9 |   1.9 |   0.0 |  61.6 |   0.0 | 237.0
               +-------+-------+-------+-------+-------+----------------------

Table legend:
 A = Kills in this place as a percentage of kills in entire the game.
 B = Kills by you in this place as a percentage of kills by you in the entire game.
 C = Kills by friends in this place as a percentage of kills by friends in the entire game.
 D = Other kills in this place as a percentage of other kills in the entire game.
 E = Experience gained in this place as a percentage of experience gained in the entire game.
 F = Experience gained in this place divided by the number of levels of this place that you have seen.
                   A       B       C       D       E      F
               +-------+-------+-------+-------+-------+----------------------
         Total | 100.0 | 100.0 |   N/A |   N/A | 100.0 | 1183.8
       Dungeon |  94.0 |  94.0 |   N/A |   N/A |  89.0 | 1316.2
         Sewer |   3.3 |   3.3 |   N/A |   N/A |   0.7 | 122.0
      Ice Cave |   2.6 |   2.6 |   N/A |   N/A |  10.4 | 1840.0
               +-------+-------+-------+-------+-------+----------------------
